 Dungeon Crawl Stone Soup version 0.26-a0-1184-g95e395e029 (webtiles) character file.

Game seed: 11518254046681500623

36 sokol815 the Chiller (level 3, 0/21 HPs)
             Began as an Octopode Ice Elementalist on Dec 27, 2020.
             Succumbed to a goblin's poison
             ... on level 1 of the Dungeon.
             The game lasted 00:02:31 (702 turns).

sokol815 the Chiller (Octopode Ice Elementalist)     Turns: 702, Time: 00:02:31

Health: 0/21       AC:  1    Str:  7    XL:     3   Next: 37%
Magic:  6/6        EV: 13    Int: 18    God:
Gold:   56         SH:  0    Dex: 12    Spells: 5/6 levels left

rFire    . . .     SeeInvis .   a - +1 whip (elec)
rCold    . . .     Faith    .   (no shield)
rNeg     . . .     Spirit   .   (helmet restricted)
rPois    .         Reflect  .   (no amulet)
rElec    .         Harm     .   (no ring)
rCorr    .         Rampage  .   (no ring)
Will     .....                  (no ring)
Stlth    +++.......             (no ring)
HPRegen  0.07/turn              (no ring)
MPRegen  0.10/turn              (no ring)
                                (no ring)
                                (no ring)

@: lethally poisoned (0 -> -4)
A: almost no armour, stealthy swim, amphibious, 8 rings, constrict 8, camouflage
1, gelatinous body 1
a: no special abilities


You were on level 1 of the Dungeon.
You visited 1 branch of the dungeon, and saw 1 of its levels.

You collected 56 gold pieces.

Inventory:

Hand Weapons
 a - a +1 whip of electrocution (weapon)
   (You found it on level 1 of the Dungeon)
 e - a +3 dagger of venom
   (You took it off a goblin on level 1 of the Dungeon)
Missiles
 b - 7 stones (quivered)


   Skills:
 - Level 2.0 Dodging
 - Level 2.6 Stealth
 - Level 2.0 Spellcasting
 + Level 5.1 Ice Magic


You had 5 spell levels left.
You knew the following spells:

 Your Spells              Type           Power        Failure   Level
a - Freeze                Ice            80%          2%          1

Your spell library contained the following spells:

 Spells                   Type           Power        Failure   Level
 Frozen Ramparts          Ice            40%          7%          3
 Ozocubu's Armour         Ice            20%          7%          3
 Hailstorm                Conj/Ice       11%          54%         4
 Summon Ice Beast         Ice/Summ       11%          54%         4


Dungeon Overview and Level Annotations

Branches:
Dungeon (1/15)

Altars:


Innate Abilities, Weirdness & Mutations

You cannot wear most types of armour.
You are very stealthy in the water. (Stealth+)
You are amphibious.
You can wear up to eight rings at the same time.
You can use your tentacles to constrict eight enemies at once.
Your skin changes colour to match your surroundings (Stealth+).
Your rubbery body absorbs attacks. (AC +1, EV +1)


Message History

You hit the hobgoblin.
Lightning courses through the hobgoblin!
You kill the hobgoblin!
You throw a stone. The stone barely misses the hobgoblin.
You throw a stone.
The stone hits the hobgoblin but does no damage.
A goblin comes into view. It is wielding a +3 dagger of venom.
The hobgoblin hits you but does no damage.
You hit the hobgoblin but do no damage. Your grab misses the hobgoblin.
The hobgoblin misses you.
You hit the hobgoblin. You grab the hobgoblin.
Your squeeze misses the hobgoblin. You constrict the hobgoblin.
The hobgoblin hits you with a +0 club.
You take 1 damage, and have 20/21 hp.
You hit the hobgoblin.
You kill the hobgoblin!
You closely miss the goblin. Your grab misses the goblin.
A giant cockroach comes into view.
The goblin misses you.
Health restored: 21 You closely miss the goblin.
Your grab misses the goblin.
The goblin hits you with a +3 dagger of venom.
You are poisoned.
You take 1 damage, and have 20/21 hp.
You hit the goblin but do no damage. You grab the goblin.
You constrict the goblin.
You feel sick.
The goblin hits you with a +3 dagger of venom.
You are lethally poisoned!
You take 3 damage, and have 17/21 hp.
You hit the goblin. You constrict the goblin.
You feel sick. The goblin barely misses you.
You take 2 damage, and have 15/21 hp.
You hit the goblin.
You kill the goblin!
You feel sick.
You take 1 damage, and have 14/21 hp.
You barely miss the giant cockroach. You grab the giant cockroach.
You squeeze the giant cockroach. You constrict the giant cockroach.
You kill the giant cockroach!
You feel sick.
You take 2 damage, and have 12/21 hp.
It was a potion of invisibility.
You fade into invisibility!
You feel sick.
You are very lightly contaminated with residual magic.
You take 1 damage, and have 11/21 hp.
You feel sick.
Items here: ))) †.
You take 1 damage, and have 10/21 hp.
e - a +3 dagger of venom You feel sick.
You take 1 damage, and have 9/21 hp.
You feel sick.
You see here 2 stones.
You take 1 damage, and have 8/21 hp.
You feel sick.
You see here a stone.
You take 1 damage, and have 7/21 hp.
* * * LOW HITPOINT WARNING * * *
You feel sick.
You see here a stone.
You take 1 damage, and have 6/21 hp.
You see here a stone.
* * * LOW HITPOINT WARNING * * *
You feel sick.
You see here a stone.
A rat comes into view.
* * * LOW HITPOINT WARNING * * *
You feel sick.
You take 1 damage, and have 5/21 hp.
* * * LOW HITPOINT WARNING * * *
You feel sick.
You see here a scroll labelled LILUBLUIWO.
You take 1 damage, and have 4/21 hp.
As you read the scroll labelled LILUBLUIWO, it crumbles to dust.
It is a scroll of identify.
c - a scroll of enchant weapon
As you read the scroll of enchant weapon, it crumbles to dust.
Your +0 whip of electrocution glows red for a moment.
You flicker for a moment.
* * * LOW HITPOINT WARNING * * *
You feel sick.
You take 1 damage, and have 3/21 hp.
* * * LOW HITPOINT WARNING * * *
You feel sick.
You take 1 damage, and have 2/21 hp.
You flicker back into view.
Unknown command.
* * * LOW HITPOINT WARNING * * *
You feel sick.
You take 1 damage, and have 1/21 hp.
You aren't carrying any potions.
You aren't carrying any scrolls.
* * * LOW HITPOINT WARNING * * *
You feel sick.
A jackal comes into view.
You take 1 damage, and have 1/21 hp.
You see here 10 gold pieces.
Your magical contamination has completely faded away.
You die...

#?...## ####
#.....###### #####...
#...#..?...###.()..##
#...##....(((((.##...
########..#####.##.†#
##..............##
###...$...####.##.#
#....###..........#
.....#@## #....####..#
..........>..##.#####.#
.......r............#.##
.........#####. .##.....
.........# .....#....
.......... [..........
########.# ###########
.# ###


You could see a rat (wandering).

Vanquished Creatures
  A gnoll (D:1)
  4 dart slugs (D:1)
  A giant cockroach (D:1)
  2 goblins (D:1)
  3 hobgoblins (D:1)
  2 jackals (D:1)
  2 frilled lizards (D:1)
  2 kobolds (D:1)
17 creatures vanquished.

Notes
Turn   | Place    | Note
-------+----------+-------------------------------------------
     0 | D:1      | sokol815 the Octopode Ice Elementalist began the quest for
                  | the Orb.
     0 | D:1      | Reached XP level 1. HP: 11/11 MP: 3/3
   211 | D:1      | Reached XP level 2. HP: 17/17 MP: 0/5
   450 | D:1      | Reached XP level 3. HP: 14/21 MP: 6/6
   588 | D:1      | Reached skill level 5 in Ice Magic
   685 | D:1      | HP: 5/21 [poisoned by a goblin]
   691 | D:1      | HP: 2/21 [poisoned by a goblin]
   698 | D:1      | HP: 1/21 [poisoned by a goblin]
   702 | D:1      | Succumbed to a goblin's poison

Illustrated notes

Levels and vault maps discovered:
D:1:      erik_arrival_orb_chamber, layout_rooms

Skill      XL: |  1  2  3 |
---------------+----------+-----
Ice Magic      | 5 |  5.1
Dodging        | |  2.0
Stealth        | |  2.6
Spellcasting   | |  2.0

Action                   || total
-------------------------++-------
Melee: Constrict         ||    11
       Tentacles         ||     4
       Unarmed           ||     1
       Whip              ||    30
Throw: Stone             ||    45
 Cast: Freeze            ||     6
  Use: Scroll            ||     2
       Potion            ||     1
 Stab: Sleeping          ||     1
Armor: Skin              ||     1
Dodge: Dodged            ||    15

Table legend: (Time is in decaauts)
 A = Elapsed time spent in this place.
 B = Non-inter-level travel time spent in this place.
 C = Inter-level travel time spent in this place.
 D = Time resting spent in this place.
 E = Time spent auto-exploring this place.
 F = Levels seen in this place.
 G = Mean time per level.
                   A        B        C        D        E       F      G
               +--------+--------+--------+--------+--------+-----+--------+
         Total |    709 |    709 |      0 |    213 |    337 |   1 |  709.0 |
       Dungeon |    709 |    709 |      0 |    213 |    337 |   1 |  709.0 |
               +--------+--------+--------+--------+--------+-----+--------+

Top non-repeatable levels by time:
     D:1: 709 daAuts

Table legend:
 A = Kills in this place as a percentage of kills in entire the game.
 B = Kills by you in this place as a percentage of kills by you in the entire game.
 C = Kills by friends in this place as a percentage of kills by friends in the entire game.
 D = Other kills in this place as a percentage of other kills in the entire game.
 E = Experience gained in this place as a percentage of experience gained in the entire game.
 F = Experience gained in this place divided by the number of levels of this place that you have seen.
                   A       B       C       D       E      F
               +-------+-------+-------+-------+-------+----------------------
         Total | 100.0 | 100.0 |   N/A |   N/A | 100.0 |  52.0
       Dungeon | 100.0 | 100.0 |   N/A |   N/A | 100.0 |  52.0
               +-------+-------+-------+-------+-------+----------------------
